← All builds
Geo / Armada / Economy first / OBSERVED BUILD

Banshee gunships

Geo builds an early Aircraft Plant and commits to Banshee gunships from 5:10, paired with a Stork transport drop, fighting mostly in the middle instead of bringing the usual T2 land units to front.

#air #drop · 19 distinct matches · 5 players · 1% of Armada Geo games · team won 47% of 19 · Recently observed

THE CATCH, AND WHAT COMES WITH IT
  • BansheeT1 air gunships from 5:10 · 1% of role by thenFrom the Aircraft Plant. Only 1% of Geo games have it by then; others who build it get it around 7:02
  • Aircraft PlantAircraft Plant in 100%3% of all Geo games by then
  • StorkLight transport in 89%4% of all Geo games by then
  • BansheeBanshee in 63%1% of all Geo games by then
  • FalconFighter in 58%4% of all Geo games by then

Where those units first fight, in 19 games with kill data: in the middle 68%, on their own side 32%.

Those units destroy a typical 1,232 metal of enemy units by 15:00.

Then transitions into blitz (13% of army).

HOW TO PLAY IT

Key timing: Aircraft Plant by 4:31

  1. Open standard mex and wind, but drop a Bot Lab immediately.
  2. Build Aircraft Plant right after geo instead of rushing T2 con.
  3. Get a light transport (Stork) from air to move gunships fast.
  4. Commit to Banshee gunships and harass with fighter support from Falcon.
  5. Transition into Vehicle Plant and normal T2 Starlight push to front.

Phase by phase

TYPICAL OF ITS 19 GAMES · AGAINST STANDARD GEO
  1. 1
  2. 2
  3. 3
  4. 4
PLAY THE OPENING

Follow the example game's first 6:11 step by step: what to build now, what comes next, and where it goes. At 1× it keeps pace with your own game.

  1. 1

    Up to the Bot Lab

    Economy
    • Metal Extractor2Mex
    • Wind Turbine4Wind+2 vs standard
    Order
    1. Bot LabBot Lab after 2 mex, 4 winddone ~0:59, middle half 0:57–1:11

    By 0:41 in all: 2 mex · 4 wind (standard 2)

    The example game in this phase · 3 steps
    1. Mex ×2
    2. Wind ×3
    3. Bot LabBot Labdone 0:52 · typical 0:59
  2. 2

    Bot Lab to T1 air gunships

    Economy
    • Metal Extractor2Mex
    • Wind Turbine4Wind
    • Energy Converter9Converter
    • Energy Storage1Energy storage
    Order
    1. Geothermal PowerplantGeo after 4 mex, 6 wind, 1 energy storage
    2. Aircraft PlantAircraft Plant after 4 mex, 7 wind, 9 converter
    3. BansheeT1 air gunships after 4 mex, 7 wind, 9 converter
    Builders
    • Construction Turret4 Con turret −2 vs standard
    • Lazarus4 Lazarus
    • Construction Bot1 Con bot
    • Construction Bot1 Con bot for allies
    • Lazarus1 Lazarus for allies

    Some games also: tick (32%)

    By 5:10 in all: 4 mex · 7 wind · 1 geo · 9 converter · 1 energy storage · 4 con turret (standard 6)

    The example game in this phase · 25 steps
    1. LazarusLazarus
    2. Wind
    3. LazarusLazarus
    4. Wind ×3
    5. Construction BotCon bot
    6. Construction BotCon botfor Beach sea
    7. LazarusLazarus
    8. Mex
    9. Geothermal PowerplantGeodone 2:59 · typical 3:14
    10. LazarusLazarusfor Beach sea
    11. Mex
    12. Con turret ×2
    13. Energy storage
    14. Converter ×3
    15. SentrySentry ×3
    16. Converter
    17. Con turret ×3
    18. Advanced Metal ExtractorT2 mex ×2done 5:16 · typical 6:41
    19. Advanced Geothermal PowerplantAdvanced Geothermal Powerplantdone 6:41
    20. Con turret
    21. Advanced Metal ExtractorT2 mex ×2
    22. Bot LabBot Labdone 6:45
    23. TickTick ×19
    24. Aircraft PlantAircraft Plantdone 7:20 · typical 4:39
    25. BansheeBansheedone 7:28
  3. 3

    T1 air gunships to Vehicle Plant

    Economy
    • Wind Turbine7Wind+2 vs standard
    Order
    1. Vehicle PlantVehicle Plant after 18 wind, 11 converter, 7 con turretdone ~8:47, middle half 8:16–9:40
    Builders
    • Construction Turret2 Con turret
    Army
    • Banshee11 Banshee +11 vs standard
    • Stork1 Light transport

    Some games also: converter (42%) · fighter (37%)

    The standard build makes here, this one skips: 5 converter

    By 8:49 in all: 4 mex · 19 wind (standard 14) · 1 geo · 10 converter (standard 14) · 1 energy storage · 7 con turret

    The example game in this phase · 14 steps
    1. BansheeBanshee
    2. PawnPawn
    3. BansheeBanshee
    4. Con turret
    5. PawnPawn
    6. BansheeBanshee
    7. PawnPawn
    8. BansheeBanshee
    9. PawnPawn
    10. BansheeBanshee
    11. PawnPawn
    12. BansheeBanshee
    13. PawnPawn
    14. Vehicle PlantVehicle Plantdone 8:06 · typical 8:47
  4. 4

    Vehicle Plant to 15:00

    Economy
    • Wind Turbine10Wind−10 vs standard
    • Energy Converter6Converter+4 vs standard
    Builders
    • Construction Turret5 Con turret +4 vs standard

    Some games also: con vehicle (47%) · con aircraft (42%) · Advanced Vehicle Plant (37%) · scout plane (37%) · metal storage (37%)

    The standard build makes here, this one skips: 5 Jaguar · 3 Starlight

    By 15:00 in all: 4 mex · 44 wind · 1 geo · 21 converter · 1 energy storage · 1 metal storage

    The example game in this phase · 39 steps
    1. BansheeBanshee
    2. PawnPawn
    3. BansheeBanshee
    4. BlitzBlitz
    5. PawnPawn
    6. BlitzBlitz
    7. BansheeBansheefor Suicide front
    8. PawnPawnfor Suicide front
    9. BlitzBlitzfor Suicide front
    10. PawnPawnfor Suicide front
    11. BlitzBlitz ×7for Suicide front
    12. Construction VehicleCon vehicle
    13. LazarusLazarusfor Suicide front
    14. LazarusLazarus ×4
    15. Advanced Vehicle PlantAdvanced Vehicle Plantdone 9:28
    16. MauserMauser ×3for Suicide front
    17. Con turret
    18. MauserMauserfor Suicide front
    19. UmbraJammerfor Suicide front
    20. ProphetRadar vehicle
    21. UmbraJammer
    22. StarlightStarlightdone 10:26
    23. Advanced Metal ExtractorT2 mex
    24. Construction BotCon bot ×2
    25. StarlightStarlight
    26. Construction BotCon bot ×2
    27. JaguarJaguar ×2
    28. StarlightStarlight
    29. JaguarJaguar
    30. AmbassadorAmbassador ×2done 11:59
    31. JaguarJaguar
    32. StarlightStarlight
    33. JaguarJaguar ×2
    34. StarlightStarlight
    35. Advanced Construction VehicleT2 con vehicle
    36. ConsulConsul
    37. Fusion ReactorFusiondone 14:36
    38. Advanced Metal ExtractorT2 mex
    39. PlatypusPlatypus ×4

Counts are medians over the build's games: half of them build more, half fewer. The example game is Handicapping_mySelf's (37 OS, 07/09/2026); pick another.

Team trades

IN AT LEAST 30% OF ITS GAMES

You hand over

  • Lazarus1 Lazarus to Beach sea or Frontfirst at 2:08 · in 74% of games
  • Construction Bot1 Con bot to Beach sea or Frontfirst at 2:53 · in 89% of games

You get

  • Hercules1 Light transport from Airfirst at 5:17 · in 32% of games
  • Advanced Construction Bot1 T2 con bot from Techfirst at 5:21 · in 74% of games

How it plays out

Typical game of this build against the role’s standard build, running totals by minute

  • This build
  • Standard geo

Metal produced

020k40k
0:005:0010:0015:00

metal

Enemy metal destroyed

05k10k15k
0:005:0010:0015:00

metal

Own metal lost

02.5k5k7.5k
0:005:0010:0015:00

metal

19 games.

Show as table
ByMetal produced: This buildMetal produced: Standard geoEnemy metal destroyed: This buildEnemy metal destroyed: Standard geoOwn metal lost: This buildOwn metal lost: Standard geo
1:003333330000
2:007368250000
3:00155615230000
4:00274427000000
5:003715372600420
6:005359572900710
7:007587813084107120
8:0091551145918030156921
9:0012285144892043511745130
10:00144041740529105652161280
11:001782220377387220742452790
12:0020235233054296394027111940
13:0023191260624748596130893304
14:0026045289884748832143034785
15:00277213149763031017256806196
WHAT THE NUMBERS SAY

Won less often than the standard build and destroyed less enemy metal by 15:00 despite big early kills.

  • + Destroyed 2910 metal by 10:00 vs 624 for standard build.
  • − Lost 2161 metal by 10:00 vs only 334 for standard build.
  • − Team win rate 47% vs 53% for standard build.
THE EXAMPLE YOU ARE READING

Handicapping_mySelf

37.2 OS · 07/09/2026

Open source match ↗

5 received units · includes a constructor
1169 metal received · 42933 energy received

Allied construction assistance is unknown. Timings are observations, not a promise of solo reproducibility.

Typical milestones

Bot Lab0:59Middle 50%: 0:57–1:11 · n=19
Geothermal Powerplant3:14Middle 50%: 3:00–3:25 · n=19
Aircraft Plant4:39Middle 50%: 4:21–6:05 · n=19
Advanced Metal Extractor6:41Middle 50%: 5:51–7:53 · n=16
Vehicle Plant8:47Middle 50%: 8:16–9:40 · n=11

Played most by

UsurpeR14games of this buildHandicapping_mySelf2games of this buildIMBALANCED1game of this buildKuchy1game of this buildNutzz1game of this build